[Event "15th Paleochora Open 2022"]
[Site "Paleochora"]
[Date "2022.07.18"]
[Round "2.2"]
[White "Kosmas-Lekkas, Dimitrios"]
[Black "Bernadskiy, Vitaliy"]
[Result "0-1"]
[ECO "C92"]
[WhiteElo "2291"]
[BlackElo "2610"]
[Annotator "TA"]
[PlyCount "142"]
[EventDate "2022.07.17"]
[EventType "swiss"]
[EventCountry "GRE"]
[SourceTitle "playchess.com"]
[Source "ChessBase"]
[SourceQuality "1"]
[TimeControl "40/5400+30:900+30"]

1. e4 e5 2. Nf3 Nc6 3. Bb5 a6 4. Ba4 Nf6 5. O-O Be7 6. Re1 b5 7. Bb3 d6 8. c3 O-O 9. h3 Rb8 {[%emt 0:02:39] C92: Closed Ruy Lopez: 9...Be6, Karpov and Flohr-Zaitsev Variations.} 10. d4 exd4 11. cxd4 d5 {[%emt 0:00:02] White is slightly better.} 12. exd5 Nxd5 13. Nc3 Nxc3 14. bxc3 Bf5 15. Ne5 Nxe5 16. Rxe5 Bg6 {[%emt 0:00:07] [#]} 17. Qf3 $146 ({Predecessor:} 17. Qg4 Bd6 18. Re2 Re8 19. Bg5 Qc8 20. Rae1 Rxe2 21. Rxe2 Qxg4 22. hxg4 Kf8 23. g3 {½-½ (34) Grela,K (2007)-Zeberski,J (2348) Wroclaw 2014}) 17... Bd6 18. Bg5 Qc8 19. Re2 c5 20. Bd5 cxd4 21. cxd4 Qf5 22. Qxf5 Bxf5 23. Be7 Bxe7 24. Rxe7 Rbd8 25. Bb3 Rxd4 26. Rae1 {[%emt 0:00:10][%cal Oe7f7] [#] Threatens to win with Rxf7!} Bg6 27. Ra7 Rd6 28. Ree7 h5 29. g4 (29. h4 $11) 29... hxg4 (29... Rf6 $15 {was preferrable.}) 30. hxg4 $11 Rf6 31. Kg2 Rd8 32. Re3 Bb1 33. g5 Rf5 34. g6 Rg5+ 35. Rg3 Rxg3+ 36. Kxg3 Bxg6 {[%emt 0:00:07] With the idea ...Rd6.} 37. Rxa6 {[%emt 0:00:06][%mdl 4096] Endgame KRB-KRB} Kh7 38. Rb6 Rd3+ 39. Kf4 Rd4+ 40. Ke3 Re4+ 41. Kf3 {[%emt 0:01:21][%cal Ob6g6] [#] And now Rxg6! would win.} Rb4 42. Kg3 f6 43. f3 Bf5 44. Rd6 Kg6 45. Rd8 Kh6 46. Rd6 Bh7 47. Rd8 g5 48. Rb8 Bb1 49. Rb6 Kg6 50. Rb8 Bd3 51. Rg8+ Kf5 52. Re8 $1 Kg6 53. Rg8+ Kh7 {[%emt 0:00:02][%cal Ob4b3] ...Rxb3! is the strong threat.} 54. Rd8 Bg6 55. Rb8 f5 56. Rb6 Bh5 57. Bc2 Bg6 {[%emt 0:00:04] Hoping for ...f4+.} 58. Bb3 Kg7 59. Rb7+ Kh6 60. Rb8 Bh5 61. Rh8+ Kg6 62. Bd5 Rh4 63. Rg8+ (63. Re8 $11) 63... Kf6 $17 64. Kg2 $2 {[%emt 0:00:38][%mdl 8192] Loses the game.} (64. Rb8 $17) 64... Rd4 $19 65. Bc6 b4 {[%emt 0:01:38] White must now prevent ...Rd6.} ({Not} 65... Rd2+ $2 66. Kg1 $19) 66. Ra8 (66. Kf2 {was worth a try.} Rd2+ 67. Ke1 Rxa2 68. Rb8) 66... Rd2+ 67. Kf1 Bf7 68. Ra4 $2 (68. Rf8 Ke7 69. Rb8) 68... Rb2 69. Bd7 Bxa2 70. Ra6+ Ke7 {[%emt 0:00:09] ( -> ...Bc4+)} 71. Bxf5 Bc4+ {[%emt 0:00:03] Weighted Error Value: White=0.05 (flawless) /Black=0.04 (flawless)} 0-1

[Event "15th Paleochora Open 2022"]
[Site "Paleochora"]
[Date "2022.07.18"]
[Round "2.3"]
[White "Banikas, Hristos"]
[Black "Markidis, Konstantinos"]
[Result "1/2-1/2"]
[ECO "D45"]
[WhiteElo "2598"]
[BlackElo "2259"]
[Annotator "TA"]
[PlyCount "107"]
[EventDate "2022.07.17"]
[EventType "swiss"]
[EventCountry "GRE"]
[SourceTitle "playchess.com"]
[Source "ChessBase"]
[SourceQuality "1"]
[TimeControl "40/5400+30:900+30"]

1. Nf3 Nf6 2. c4 e6 3. Nc3 d5 4. d4 c6 5. e3 Nbd7 6. Qc2 Bd6 7. Be2 O-O 8. O-O Re8 9. Rd1 Qe7 10. h3 b6 11. e4 dxe4 12. Nxe4 Nxe4 13. Qxe4 Bb7 14. Bg5 {[%emt 0:11:18] D45: Semi-Slav: 5 e3.} f6 {[%emt 0:07:22] [#]} 15. Be3 $146 ({Predecessor:} 15. Bf4 Bxf4 16. Qxf4 c5 17. Qc7 Rab8 18. dxc5 Nxc5 19. Qxe7 Rxe7 20. b4 Ne4 21. Rac1 a5 {½-½ (31) Barnaure,V (2476)-Sasikiran,K (2677) Antalya 2017}) 15... Rad8 16. Rac1 {[%emt 0:00:25][%cal Oc4c5] The position is equal.} f5 17. Qh4 Qxh4 18. Nxh4 f4 19. Bd2 c5 20. Bf3 Bxf3 21. Nxf3 a6 (21... e5 $11 22. d5 e4) 22. Bc3 $14 h6 23. Kf1 Bc7 24. Rd2 cxd4 25. Rxd4 e5 26. Rd5 e4 {[%emt 0:00:52] [#]} 27. Rcd1 $1 Nc5 28. Ne5 Rxd5 29. Rxd5 Rd8 30. Nc6 Rxd5 31. Ne7+ ({Much weaker is} 31. cxd5 $6 Kf7 $11) 31... Kf7 32. Nxd5 $16 {[%emt 0:00:05][%mdl 4096] Endgame KBN-KBN} Ne6 {[%emt 0:00:18] [#]} 33. Nb4 (33. b3 $1 $16) 33... a5 (33... Nc5 $14) 34. Nd5 Bd8 $1 35. Be5 {[%emt 0:00:05] White is more active.} (35. Bd2 $14) 35... g5 $11 36. g3 fxg3 (36... Nc5 $1 $11 {remains equal.}) 37. fxg3 $16 Nc5 38. Ke2 {[%emt 0:01:04] And now Bd4 would win.} b5 ({Better is} 38... Ke6 $14 39. Bd4 Nd3) 39. Bd4 Ne6 40. Ke3 bxc4 41. Kxe4 a4 (41... h5 $142 42. Bb6 h4) 42. Nc3 $18 Bc7 43. Bf2 ({Weaker is} 43. Nxa4 Bxg3 44. Nc3 h5 $16) 43... a3 44. bxa3 Ba5 45. Bd4 h5 46. Kd5 h4 47. gxh4 gxh4 48. Ne2 (48. Kxc4 $18 {[%cal Oc4b5] is the precise move to win. aiming for Kb5!} Bd8 49. a4) 48... c3 $16 49. Be3 (49. Bxc3 $142 Bxc3 50. Nxc3 Nf4+ 51. Kc6 Nxh3 52. Ne4) 49... c2 50. Kc4 {[%emt 0:00:06] Kd3 is the strong threat.} Bd8 51. Nd4 $2 (51. Kc3 $14 {stays ahead.}) 51... Nxd4 $17 52. Kxd4 Bb6+ 53. Kd3 Bxe3 54. Kxc2 {[%emt 0:00:03] Weighted Error Value: White=0.25 (precise) /Black=0.19 (very precise)} 1/2-1/2

[Event "15th Paleochora Open 2022"]
[Site "Paleochora"]
[Date "2022.07.18"]
[Round "2.4"]
[White "Alexiadis, Hristos"]
[Black "Basso, Pier Luigi"]
[Result "1/2-1/2"]
[ECO "D11"]
[WhiteElo "2283"]
[BlackElo "2561"]
[Annotator "TA"]
[PlyCount "129"]
[EventDate "2022.07.17"]
[EventType "swiss"]
[EventCountry "GRE"]
[SourceTitle "playchess.com"]
[Source "ChessBase"]
[SourceQuality "1"]
[TimeControl "40/5400+30:900+30"]

1. d4 Nf6 2. c4 c6 3. Nf3 d5 4. e3 Bg4 5. Qb3 Qb6 6. Nc3 e6 7. Nh4 {[%emt 0:01:26] D11: Slav Defence: 3 Nf3 sidelines and 3...Nf6 4 e3 Bg4.} Bh5 8. h3 Be7 9. g4 Bg6 10. Nxg6 hxg6 11. Bg2 g5 12. Bd2 Nbd7 13. O-O-O a5 14. Rhe1 a4 15. Qxb6 Nxb6 16. cxd5 (16. c5 $5 Nc4 17. b3 Nxd2 18. Kxd2 $11) 16... Nfxd5 {[%emt 0:00:58] [#]} 17. Nxd5 $146 ({Predecessor:} 17. Bf1 a3 18. b3 Nxc3 19. Bxc3 Nd5 20. Bd2 Bb4 21. Bxb4 Nxb4 22. Kb1 Ke7 {½-½ (22) Georgiev,K (2682)-Ragger,M (2670) Vienna 2012}) 17... Nxd5 18. a3 Bd6 19. Kb1 Kd7 20. e4 Nf4 21. Bxf4 gxf4 22. Rd3 g5 23. d5 (23. Kc2 $15) 23... exd5 $1 $17 24. exd5 c5 25. Rd2 b5 26. Rde2 Rhb8 27. Be4 Kc7 28. Bf5 Rh8 29. Kc2 (29. Rh1 $17 {is a better defense.}) 29... Rab8 30. Rh1 Rbe8 31. Rxe8 Rxe8 {[%emt 0:00:02][%mdl 4096] Endgame KRB-KRB} 32. h4 gxh4 33. Rxh4 Re2+ 34. Kd1 $2 (34. Kc1) 34... Rxf2 35. Rh7 c4 $1 36. Rxf7+ Kb6 $1 37. g5 Rg2 ({Not} 37... Be5 38. g6 Rg2 39. d6 Bxd6 40. Be4 Rg1+ 41. Kc2 $17) 38. g6 Kc5 (38... Rxb2 $2 39. Rf6 Rg2 40. Rxd6+ $18) 39. Be4 {[%emt 0:01:07] [#]} Rg1+ (39... Rxb2 $2 40. g7 Ra2 41. g8=Q $18) 40. Ke2 {[%emt 0:00:00] [#]} Kd4 $2 ({Black should play} 40... Rg3 $1 $19 41. Kf1 Be5) 41. Kf2 $11 {[%emt 0:03:44] The position is equal.} Rg3 42. Rf6 $1 Kxe4 43. Rxd6 {[%emt 0:00:04] KR-KR} Rg5 (43... Kf5 $5 44. Rb6 Rxg6 $11) 44. Rb6 {[%emt 0:03:32] Hoping for d6.} Rxd5 {[%emt 0:00:10] And now ...Rd2+ would win.} 45. Re6+ Kf5 46. g7 Rd2+ 47. Kf3 Rd3+ 48. Kf2 Rg3 49. Re7 Rg6 50. Kf3 Rg3+ 51. Kf2 Rg6 52. Kf3 Rg1 53. Rf7+ Ke5 54. Re7+ Kf6 55. Rb7 Rxg7 56. Rxb5 Rc7 57. Kxf4 c3 58. bxc3 Rxc3 59. Rb6+ Ke7 60. Ke4 Rxa3 61. Kd4 Ra1 62. Kc3 a3 {[%emt 0:00:13] aiming for ...Rc1+.} 63. Ra6 Kd7 64. Kb3 Rb1+ 65. Ka2 {[%emt 0:00:06] White happily takes the draw.  Weighted Error Value: White=0.09 (flawless) /Black=0.09 (flawless)} 1/2-1/2

[Event "15th Paleochora Open 2022"]
[Site "Paleochora"]
[Date "2022.07.18"]
[Round "2.5"]
[White "Meshkovs, Nikita"]
[Black "Georgakopoulos, Nikolaos K."]
[Result "1-0"]
[ECO "E92"]
[WhiteElo "2535"]
[BlackElo "2239"]
[Annotator "TA"]
[PlyCount "61"]
[EventDate "2022.07.17"]
[EventType "swiss"]
[EventCountry "GRE"]
[SourceTitle "playchess.com"]
[Source "ChessBase"]
[SourceQuality "1"]
[TimeControl "40/5400+30:900+30"]

1. Nf3 {[%emt 0:00:25] Havasi,G} Nf6 2. c4 g6 3. Nc3 Bg7 4. e4 d6 5. d4 O-O 6. h3 e5 7. d5 a5 8. g4 Na6 9. Be3 Nc5 10. Nd2 Bd7 11. Be2 c6 12. g5 {[%emt 0:00:00] E92: King's Indian: Classical: 6 Be2 e5: 7 dxe5, 7 Be3 and Petrosian System without 7...Nbd7.} Ne8 13. h4 f6 {[%emt 0:08:00] [#]} 14. Rg1 $146 ({White should try} 14. Nb3 $16) ({Predecessor:} 14. Nb3 b6 15. Nxc5 bxc5 16. Qd2 fxg5 17. hxg5 cxd5 18. Nxd5 Rf7 19. O-O-O Rb8 20. Rh2 {1-0 (61) Anand,V (2785)-Ponomariov,R (2717) Bilbao 2014 CBM 163 [Havasi,G]}) 14... fxg5 15. hxg5 Nc7 16. Qc2 b6 17. Bg4 cxd5 {[%emt 0:01:01] Hoping for ...d4.} 18. exd5 N7a6 $1 19. a3 {[%emt 0:01:32] Prevents Nb4.} Bf5 (19... e4 $1 $11) 20. Nce4 (20. Bxf5 $16 Rxf5 21. O-O-O) 20... Kh8 {[%emt 0:02:21] [#]} 21. f3 (21. O-O-O $1 $16) 21... Rc8 (21... Nxe4 $1 $14 22. Nxe4 Bxg4 23. fxg4 Nc5) 22. Bxf5 $16 gxf5 {[%emt 0:03:15] [#]} (22... Rxf5 $142 23. O-O-O b5) 23. Nc3 $1 {[%emt 0:00:01] White is more active.} e4 24. fxe4 Qe7 (24... Nxe4 $16 25. Ncxe4 (25. Ndxe4 Qe7 $16) 25... fxe4) 25. O-O-O $18 {[%emt 0:03:28] aiming for Bxc5.} fxe4 $2 (25... f4 $2 26. Bf2) (25... Nxe4 {might work better.} 26. Ncxe4 (26. Ndxe4 Rxc4 27. g6 fxe4 $16) 26... b5) 26. Kb1 b5 27. cxb5 Nd3 28. Ndxe4 Nxb2 {[%emt 0:02:10] [#]} 29. Nf6 $1 Bxf6 (29... Rxf6 30. Rh1) 30. gxf6 ({Not} 30. Qxb2 $2 Qxe3 31. gxf6 Rxc3 $19) 30... Qxe3 {[%emt 0:00:11] [#]} 31. Qxh7+ $3 {[%emt 0:00:10][%mdl 33280] Weighted Error Value: White=0.16 (very precise) /Black=0.80. Loss on time!?} 1-0

[Event "15th Paleochora Open 2022"]
[Site "Paleochora"]
[Date "2022.07.18"]
[Round "2.6"]
[White "David, Alberto"]
[Black "Baillon, Olivier"]
[Result "1-0"]
[ECO "E04"]
[WhiteElo "2534"]
[BlackElo "2219"]
[Annotator "TA"]
[PlyCount "73"]
[EventDate "2022.07.17"]
[EventType "swiss"]
[EventCountry "GRE"]
[SourceTitle "playchess.com"]
[Source "ChessBase"]
[SourceQuality "1"]
[TimeControl "40/5400+30:900+30"]

1. d4 d5 2. c4 e6 3. Nf3 Nf6 4. g3 Bb4+ 5. Nbd2 dxc4 6. Qc2 b5 7. a4 c6 8. Bg2 Bb7 9. O-O $1 Nbd7 {[%emt 0:06:39] [#] was the old line (9...0-0). E04: Open Catalan: 5 Nf3.} 10. Rd1 $146 ({Predecessor:} 10. b3 c3 11. Nb1 bxa4 12. bxa4 c5 13. Nxc3 cxd4 14. Nb5 O-O 15. Qb2 Qa5 16. Nfxd4 Bxg2 17. Kxg2 {½-½ (36) Li,C (2720)-Mamedyarov,S (2768) Doha 2016}) 10... Qb6 11. e4 (11. b3 $11) 11... a6 $15 {[%emt 0:12:03] Black is slightly better.} 12. e5 Nd5 13. Ne4 h6 14. b3 ({Better is} 14. Qe2 $15) 14... cxb3 $1 $17 15. Qxb3 O-O 16. g4 Rfd8 (16... c5 $17 {Threatens to win with ...cxd4.} 17. Qb2 cxd4) 17. g5 $11 h5 18. g6 (18. Nh4 $5 ) 18... fxg6 19. Nh4 Nf8 20. Qg3 Ne7 (20... Qc7 $11) 21. a5 (21. Nd6 Rd7 $11) ({White should try} 21. Bg5 $1 $14) 21... Qa7 {[%emt 0:04:28] [#]} (21... Qc7 $1 $11) 22. Be3 {[%emt 0:04:18] 0x0.001e3971eff3dp-1022s more active pieces.} ({Much less strong is} 22. Nd6 $6 Bxd6 23. exd6 Nf5 24. Nxf5 exf5 $14) (22. Bg5 $1 $16 ) 22... Nf5 (22... c5 $1 $11 {remains equal.}) 23. Nxf5 $16 exf5 {[%emt 0:00:31] [#]} 24. d5 $1 $36 {[%emt 0:10:06][%mdl 2048] White is pushing.} Qb8 25. dxc6 Bxc6 {[%emt 0:01:53] [#]} (25... Rxd1+ 26. Rxd1 fxe4 27. Bxe4 Bxc6 28. Bxc6 $18) 26. Nf6+ {[%emt 0:00:04][%mdl 64] Discovered Attack} gxf6 27. Bxc6 Bc3 $2 {[%emt 0:04:42][%mdl 8192] [#] Black cannot hold the game after this.} (27... fxe5 $2 28. Rxd8 Qxd8 29. Qxe5 $18) (27... Qxe5 $11 28. Bxa8 Rxa8) 28. Bb6 $1 $18 {[%emt 0:03:21][%mdl 64] Discovered Attack. A strong pair of Bishops.} Qxe5 29. Bxd8 ({Weaker is} 29. Qxe5 fxe5 30. Bxd8 Rc8 $18) 29... Rxd8 30. Rxd8 {[%emt 0:00:05][%cal Bd1d8,Bd8a8,Ba8a6,Ba6d6][%mdl 32] Intending Qxg6+ and mate.} Qxg3+ 31. hxg3 Bxa1 {[%emt 0:00:07][%mdl 4096] Endgame KRB-KBN} 32. Bd5+ Kg7 33. Ra8 Bd4 34. Rxa6 Nd7 35. Rd6 Ne5 (35... Nb8 {might work better.} 36. Rd8 Ba7 37. Rg8+ Kh7) 36. a6 Bc5 $2 {[%emt 0:01:17] [#]} (36... Ng4 {was called for.} 37. Bf3 Bxf2+ 38. Kg2 Bc5 39. Rd7+ Kh6) 37. Kg2 $1 {[%emt 0:01:09] Weighted Error Value: White=0.25 (precise) /Black=0.74} 1-0

[Event "15th Paleochora Open 2022"]
[Site "Paleochora"]
[Date "2022.07.18"]
[Round "2.7"]
[White "Georgiou, Kostantinos"]
[Black "Stremavicius, Titas"]
[Result "0-1"]
[ECO "B62"]
[WhiteElo "2259"]
[BlackElo "2532"]
[Annotator "TA"]
[PlyCount "112"]
[EventDate "2022.07.17"]
[EventType "swiss"]
[EventCountry "GRE"]
[SourceTitle "playchess.com"]
[Source "ChessBase"]
[SourceQuality "1"]
[TimeControl "40/5400+30:900+30"]

1. e4 c5 2. Nf3 Nc6 3. d4 cxd4 4. Nxd4 Nf6 5. Nc3 d6 6. Bg5 e6 7. Qd3 a6 8. Nxc6 {[%emt 0:05:21] outshines the older 8.0-0-0. B62: Sicilian: Richter-Rauzer: 6...e6: Unusual White 7th moves.} bxc6 9. O-O-O Be7 10. f4 {[%emt 0:03:22] White is slightly better.} d5 {[%emt 0:06:32] [#]} 11. Qe3 $146 (11. Qg3 {is superior.}) ({Predecessor:} 11. e5 Nd7 12. Bxe7 Qxe7 13. g4 Rb8 14. h4 Qb4 15. b3 Qxf4+ 16. Kb1 Nxe5 17. Qe2 Nxg4 {0-1 (55) Mendez Fortes,E (2250)-Golubovskis,M (2219) Chess.com INT 2022}) 11... Rb8 $11 12. Bxf6 (12. Qg3 $11) 12... Bxf6 $17 13. exd5 cxd5 14. Rxd5 Qe7 15. Rc5 O-O {[%emt 0:02:33] Threatens to win with ...Rd8.} (15... Qb7 16. b3 $11) 16. Be2 Rb4 ({Reject} 16... Qb7 $6 17. b3 $11) 17. Rc4 {[%emt 0:02:32] Prevents Bd4.} Bb7 18. Rd1 (18. Rxb4 $11 {remains equal.} Qxb4 19. a3) 18... Bxg2 19. Qc5 (19. a3 $142 Rxc4 20. Bxc4) 19... Qxc5 20. Rxc5 Rfb8 21. b3 Bd4 22. Rg5 {[%emt 0:05:20] [#] And now Rxd4 would win.} Be3+ ({But not} 22... Bxc3 $6 23. Rxg2 Rxf4 24. Bxa6 $11) 23. Kb2 Bb7 24. Ra5 Bxf4 {[%emt 0:11:26] A strong pair of Bishops.} (24... Rxf4 {seems wilder.} 25. Bxa6 Bc6 26. Bb5 Bg2) 25. Bxa6 (25. a3 $17 {keeps fighting.} Rb6 26. Na4) 25... Bxa6 $19 (25... Bxh2 26. a3 Rb6 27. Bxb7 R6xb7 28. b4 $17) 26. Rxa6 Bxh2 27. a3 R4b7 ({Better is} 27... Rg4 $19 {White must now prevent ...g5.} 28. Rb6 Re8) 28. Rc6 (28. b4 $17 {was called for.}) 28... g5 29. b4 Rc7 30. Rxc7 Bxc7 {[%emt 0:00:03][%mdl 4096] Endgame KRB-KRN} 31. Ne4 Be5+ 32. Kb3 g4 33. a4 (33. c4 $142) 33... f5 34. Nc5 {[%emt 0:00:39] [#]} g3 $1 35. a5 Ra8 36. a6 $2 (36. Nxe6 $17 {was worth a try.} Kf7 37. Ng5+ Kg6 38. Nf3) 36... Bc7 $2 ({Weaker is} 36... Kf7 37. b5 $11) (36... f4 $19 37. Nd3 Bc7) 37. Kc4 $2 (37. Nxe6 $11 Bb6 38. Rd7) 37... f4 38. Nxe6 Rxa6 39. Nxc7 {[%emt 0:00:59] KRN-KR} (39. Nd4 $142 Rd6 40. Re1) 39... Rc6+ {[%emt 0:00:40][%mdl 64] Skewer, Double Attack} 40. Kd5 Rxc7 {[%emt 0:00:00] KR-KR} 41. Rg1 (41. Ke4 $142 Rc4+ 42. Kf3 Rxb4 43. Rh1) 41... h5 {[%emt 0:05:07][%cal Bh7h5,Bh5h4,Bh4h3,Bh3h2][%mdl 32] aiming for ...h4.} 42. b5 h4 {[%emt 0:01:21] Strongly threatening ...h3.} 43. b6 Re7 {[%emt 0:00:14] Hoping for ...h3.} 44. b7 Rxb7 {[%emt 0:00:08] Black mates.} 45. Ke4 Rb4+ 46. Kf3 h3 47. Rc1 Rc4 48. Kg4 h2 49. Kh3 {[%emt 0:01:11] [#]} Rxc2 $3 50. Ra1 (50. Rb1 Kf7) 50... Kf7 51. Rf1 Ke6 52. Ra1 Kd5 53. Ra5+ Ke4 54. Ra4+ Ke3 55. Ra3+ Kd2 56. Ra1 Rc1 {[%emt 0:00:13] Weighted Error Value: White=0.81/Black=0.29 (precise)} 0-1

[Event "15th Paleochora Open 2022"]
[Site "Paleochora"]
[Date "2022.07.18"]
[Round "2.8"]
[White "Sohier, Julien"]
[Black "Yilmazyerli, Mert"]
[Result "0-1"]
[ECO "B23"]
[WhiteElo "2192"]
[BlackElo "2520"]
[Annotator "TA"]
[PlyCount "48"]
[EventDate "2022.07.17"]
[EventType "swiss"]
[EventCountry "GRE"]
[SourceTitle "playchess.com"]
[Source "ChessBase"]
[SourceQuality "1"]
[TimeControl "40/5400+30:900+30"]

1. e4 c5 2. Nc3 d6 3. d4 cxd4 4. Qxd4 Nc6 5. Qd2 e6 6. b3 {[%emt 0:00:15] B23: Closed Sicilian: Lines without g3.} d5 ({Better is} 6... Nf6 $11) 7. exd5 $14 exd5 {[%emt 0:00:10] [#]} 8. Bb2 $146 (8. Nxd5 $14 Nf6 9. Ne3) ({Predecessor:} 8. a3 Nf6 9. Bb2 d4 10. Nce2 Bc5 11. Nf3 O-O 12. Nexd4 Ne4 13. Qd3 Qa5+ 14. b4 Nxb4 15. axb4 Qxb4+ 16. Bc3 Nxc3 17. Be2 Re8 18. O-O Bxd4 19. Nxd4 Qxd4 {0-1 (19) Yang,K (2481)-Matlakov,M (2674) Chess.com INT 2022}) 8... d4 9. Nb5 Bb4 10. c3 Qe7+ 11. Qe2 ({White should try} 11. Be2 $1 $11 dxc3 12. Bxc3 Bxc3 13. Nxc3) 11... dxc3 $15 12. Bxc3 {[%emt 0:07:21] [#]} Bxc3+ (12... Be6 $1 $17 {And now ...a6 would win.} 13. Nf3 Bxc3+ 14. Nxc3 Nf6) 13. Nxc3 $11 Be6 {[%emt 0:00:08] Against Nd5. Black wants to play ...Nd4.} 14. O-O-O (14. Qe3 $1 $11) 14... Nf6 $36 {[%emt 0:00:26][%mdl 2048] ...0-0 is the strong threat. Keeping White busy.} 15. Kb2 O-O 16. Nf3 a5 {[%emt 0:04:04][%cal Oa5a4] aiming for ...a4!} 17. Nd4 (17. Qe1 $17 {was worth a try.}) 17... a4 $19 18. Nxe6 (18. Nxa4 $142 Nxd4 19. Rxd4) 18... fxe6 19. Nxa4 Nd5 20. Rxd5 {[%emt 0:01:34] Threatens to win with Rd2.} Qf6+ {[%emt 0:00:41] Black is clearly winning.} ({Inferior is} 20... exd5 21. Qxe7 Nxe7 22. f3 $17) 21. Kb1 {[%emt 0:00:14] Black must now prevent Rd6.} exd5 22. f3 (22. Qd2 $142 Qxf2 23. Qxf2 Rxf2 24. Bb5) 22... Nb4 {[%emt 0:07:17] ( -> ...Qf5+)} 23. Qd2 Qf5+ 24. Kb2 {[%emt 0:00:50] [#]} Rfc8 $1 {[%emt 0:00:30] Weighted Error Value: White=0.64/Black=0.16 (very precise)} 0-1

[Event "15th Paleochora Open 2022"]
[Site "Paleochora"]
[Date "2022.07.18"]
[Round "2.9"]
[White "Santiago, Yago De Moura"]
[Black "Levi, Netanel"]
[Result "1/2-1/2"]
[ECO "E95"]
[WhiteElo "2513"]
[BlackElo "2193"]
[Annotator "TA"]
[PlyCount "104"]
[EventDate "2022.07.17"]
[EventType "swiss"]
[EventCountry "GRE"]
[SourceTitle "playchess.com"]
[Source "ChessBase"]
[SourceQuality "1"]
[TimeControl "40/5400+30:900+30"]

1. d4 Nf6 2. c4 d6 3. Nf3 g6 4. Nc3 Nbd7 5. e4 e5 6. Be2 Bg7 7. O-O O-O 8. Re1 Re8 9. Bf1 a6 10. d5 {[%emt 0:04:26] E95: King's Indian: Classical: 7...Nbd7 8 Re1.} a5 11. Bg5 h6 12. Bh4 {[%emt 0:00:07] White is slightly better.} g5 13. Bg3 Nh5 14. Nd2 Nf4 15. f3 Nc5 16. Qc2 {[%emt 0:00:14] [#]} h5 $146 ({Predecessor:} 16... Na6 17. a3 c5 18. Nd1 Bd7 19. b3 Nc7 20. Ne3 Rb8 21. Rab1 b5 22. cxb5 Bxb5 {1-0 (49) Sakalauskas,V (2410)-Rudolf,M (2384) Mrzezyno 2011}) 17. Bf2 b6 18. b3 g4 19. a3 (19. g3 $14) 19... Bh6 20. b4 axb4 21. axb4 Rxa1 22. Rxa1 Na6 23. Ra4 {[%emt 0:08:40] Hoping for fxg4.} Qg5 24. fxg4 Nxg2 25. Bxg2 Qxd2 26. Qxd2 Bxd2 27. Na2 (27. Nb5 $1 $14) 27... hxg4 $15 28. Bf1 Kg7 29. Bd3 $1 Bb7 30. Be2 Bc8 31. Kg2 (31. Bd3 $1 $11) 31... Kg6 32. Kf1 $1 Rh8 33. Bg3 f5 34. exf5+ Kxf5 35. Bd3+ (35. c5 $1 $11) 35... e4 $17 36. Be2 Bb7 37. c5 {[%emt 0:00:13] [#]} bxc5 38. Bxa6 Bxd5 (38... Bxa6+ $17 39. Rxa6 cxb4) 39. Ke2 e3 {[%emt 0:06:48] Threatens to win with ...c4.} 40. bxc5 dxc5 41. Bd3+ Kg5 42. Bf4+ ({Don't go for} 42. Bxc7 $2 Bf3+ 43. Kf1 Rf8 $19) 42... Kf6 {[%emt 0:02:34] aiming for ...Re8.} 43. Bxc7 Bf3+ 44. Kf1 Rc8 45. Bg3 Rc6 46. h3 c4 47. Bxc4 Bd1 48. Bh4+ Ke5 {[%emt 0:00:15][%mdl 1024] Black has compensation.} (48... Kg6 $5 49. Ra6 (49. Bd3+ $2 Kh5 $19) 49... Rxa6 50. Bxa6 gxh3 $11) 49. Bg3+ Kf6 50. Bh4+ Ke5 (50... Kg6 $5 51. Ra6 (51. Bd3+ $2 Kh5 $19) 51... Rxa6 52. Bxa6 gxh3 $11) 51. Bg3+ Kf6 52. Bh4+ Ke5 {[%emt 0:00:30] Weighted Error Value: White=0.15 (very precise) /Black=0.17 (very precise)} (52... Kg6 $5 53. Ra6 (53. Bd3+ $2 Kh5 $19) 53... Rxa6 54. Bxa6 gxh3 $11) 1/2-1/2